 Dungeon Crawl Stone Soup version 0.24.1-14-gf8d2b509d9 (webtiles) character file.

Game seed: 105731317476819801, levelgen mode: deterministic

18 Hugehornet the Magician (level 2, -2/15 HPs)
             Began as a Deep Elf Wizard on May 21, 2020.
             Killed from afar by a dart slug (4 damage)
             ... with a slug dart
             ... on level 1 of the Dungeon.
             The game lasted 00:02:06 (659 turns).

Hugehornet the Magician (Deep Elf Wizard)            Turns: 659, Time: 00:02:06

Health: -2/15      AC:  2    Str:  4    XL:     2   Next: 51%
Magic:  2/10       EV: 13    Int: 22    God:
Gold:   85         SH:  0    Dex: 13    Spells: 4/11 levels left

rFire    . . .     SeeInvis .   j - +4 whip
rCold    . . .     Gourm    .   (no shield)
rNeg     . . .     Faith    .   a - +0 robe
rPois    .         Spirit   .   b - +0 hat
rElec    .         Reflect  .   (no cloak)
rCorr    .         Harm     .   (no gloves)
MR       .....                  (no boots)
Stlth    ++........             (no amulet)
HPRegen  0.05/turn              (no ring)
MPRegen  0.12/turn              (no ring)

@: very slightly contaminated
A: no striking features
a: no special abilities


You were on level 1 of the Dungeon.
You were not hungry.

You visited 1 branch of the dungeon, and saw 1 of its levels.

You collected 85 gold pieces.

Inventory:

Hand Weapons
 j - a +4 whip (weapon)
Armour
 a - a +0 robe (worn)
 b - a +0 hat (worn)
Scrolls
 e - a scroll of blinking {unknown}
 f - a scroll of teleportation {unknown}
 i - a scroll of identify {unknown}
Potions
 c - a potion of heal wounds {unknown}
 h - a potion of curing {unknown}
 k - a potion of ambrosia {unknown}
Comestibles
 d - 3 rations


   Skills:
 - Level 2.4 Dodging
 - Level 2.4 Stealth
 - Level 5.0 Spellcasting
 + Level 2.2 Conjurations
 - Level 1.1 Summonings
 - Level 1.1 Translocations


You had 4 spell levels left.
You knew the following spells:

 Your Spells              Type           Power        Failure   Level  Hunger
a - Magic Dart            Conj           ###.         4%          1    None
b - Blink                 Tloc           N/A          10%         2    None
c - Call Imp              Summ           ##......     10%         2    None
d - Slow                  Hex            #.......     16%         2    None

Your spell library contained the following spells:

 Spells                   Type           Power        Failure   Level  Hunger
 Conjure Flame            Conj/Fire      ##......     19%         3    ##.....
 Mephitic Cloud           Conj/Pois/Air  #.......     22%         3    ##.....


Dungeon Overview and Level Annotations

Branches:
Dungeon (1/15)

Altars:


Message History

The magic dart hits the dart slug.
The dart slug is moderately wounded.
Casting: Magic Dart (safe; 4% risk of failure)
Confirm with . or Enter, or press ? or * to list all spells.
Aiming: Magic Dart (safe; 4% risk of failure)
Press: ? - help, Shift-Dir - straight line, f/p - dart slug
Aim: a dart slug (moderately wounded, clinging)
The magic dart hits the dart slug.
The dart slug is heavily wounded.
The dart slug closely misses you.
Casting: Magic Dart (safe; 4% risk of failure)
Confirm with . or Enter, or press ? or * to list all spells.
Aiming: Magic Dart (safe; 4% risk of failure)
Press: ? - help, Shift-Dir - straight line, f/p - dart slug
Aim: a dart slug (heavily wounded, clinging)
The magic dart hits the dart slug.
The dart slug is severely wounded.
The dart slug launches a dart at you. The slug dart hits you.
You die...

#########
####.......#
......w.†..# #.
#..# #.### #..#
#.#.## ##.##
#.##.###w..#
####
#...###@##.#
...#
##.##.##.#.#
...#
#.#.#†###.#
...#
#.###.###.....#
...#
#...(.....#####
...#
#.###...###
...# #.####.##
...# #...##.#
...# #.#.##.#


You could see a dart slug.

Vanquished Creatures
  2 leopard geckos (D:1)
  A bat (D:1)
  2 giant cockroaches (D:1)
  A goblin (D:1)
  A hobgoblin (D:1)
  3 jackals (D:1)
  A frilled lizard (D:1)
  A kobold (D:1)
  3 rats (D:1)
15 creatures vanquished.

Vanquished Creatures (others)
  A ghoul (D:1)
  A draconian (D:1)
  An octopode (D:1)
  A gargoyle (D:1)
  A vine stalker (D:1)
  An elf (D:1)
  A troll (D:1)
  A naga (D:1)
  An ogre (D:1)
  A centaur (D:1)
  2 mummies (D:1)
  8 tentacles (D:1)
20 creatures vanquished.

Grand Total: 35 creatures vanquished

Notes
Turn   | Place    | Note
-------+----------+-------------------------------------------
     0 | D:1      | Hugehornet the Deep Elf Wizard began the quest for the Orb.
     0 | D:1      | Reached XP level 1. HP: 10/10 MP: 7/7
     0 | D:1      | Noticed a gargoyle
     0 | D:1      | Noticed a vine stalker
     0 | D:1      | Noticed a ghoul
     0 | D:1      | Noticed an elf
     0 | D:1      | Noticed a centaur
     0 | D:1      | Noticed an octopode
     0 | D:1      | Noticed a kraken
     0 | D:1      | Noticed a draconian
     0 | D:1      | Noticed a naga
     0 | D:1      | Noticed a troll
     0 | D:1      | Noticed an ogre
     5 | D:1      | Killed a vine stalker
     5 | D:1      | Killed a centaur
     7 | D:1      | Killed a gargoyle
     8 | D:1      | Killed a naga
     9 | D:1      | Killed an octopode
    10 | D:1      | Killed an ogre
    11 | D:1      | Killed a troll
    19 | D:1      | Killed an elf
    20 | D:1      | Killed a draconian
    23 | D:1      | Killed a ghoul
   292 | D:1      | Reached XP level 2. HP: 14/15 MP: 4/9
   541 | D:1      | Learned a level 2 spell: Blink
   544 | D:1      | Learned a level 2 spell: Call Imp
   547 | D:1      | Learned a level 2 spell: Slow
   643 | D:1      | Reached skill level 5 in Spellcasting
   659 | D:1      | Killed from afar by a dart slug

Levels and vault maps discovered:
D:1:      nicolae_arrival_kraken_aquarium_a, layout_loops_cross,
          minmay_heptomino_o4

Skill      XL: |  1  2 |
---------------+-------+-----
Conjurations   | 2 |  2.2
Spellcasting   | 5 |  5.0
Dodging        | |  2.4
Stealth        | |  2.4
Summonings     | |  1.1
Translocations | |  1.1

Action                   || total
-------------------------++-------
Melee: Whip              ||     2
 Cast: Magic Dart        ||    44
  Use: Potion            ||     1
Armor: Robe              ||     7
Dodge: Dodged            ||    23
